 Dungeon Crawl Stone Soup version 0.23.2-11-gf996548c65 (webtiles) character file.

Game seed: 10208984366839131859

238 teukkam the Covered (level 5, 0/47 HPs)
             Began as a Minotaur Fighter on June 7, 2019.
             Was a Follower of the Shining One.
             Slain by a giant cockroach (1 damage)
             ... on level 4 of the Dungeon.
             The game lasted 00:08:33 (2535 turns).

teukkam the Covered (Minotaur Fighter)              Turns: 2535, Time: 00:08:33

Health: 0/47       AC:  5    Str: 21    XL:     5   Next: 78%
Magic:  4/4        EV:  7    Int:  5    God:    the Shining One [*.....]
Gold:   181        SH: 10    Dex: 10    Spells: 4/4 levels left

rFire    . . .     SeeInvis .   a - +1 war axe
rCold    . . .     Gourm    .   c - +0 shield
rNeg     . . .     Faith    .   b - +0 scale mail
rPois    .         Spirit   .   (helmet restricted)
rElec    .         Reflect  .   (no cloak)
rCorr    .         Harm     .   (no gloves)
MR       .....                  v - +0 pair of boots
Stlth    ..........             n - amulet of inaccuracy (curse)
HPRegen  0.15/turn              i - ring of wizardry
MPRegen  0.09/turn              q - -3 ring of protection (curse)

@: glowing
A: retaliatory headbutt, horns 2
a: Renounce Religion


You were on level 4 of the Dungeon.
You worshipped the Shining One.
The Shining One was aware of your devotion.
You were not hungry.

You visited 1 branch of the dungeon, and saw 4 of its levels.

You collected 181 gold pieces.

Inventory:

Hand Weapons
 a - a +1 war axe (weapon)
Missiles
 k - 25 sling bullets
 p - 32 stones
 s - 8 tomahawks (quivered)
Armour
 b - a +0 scale mail (worn)
 c - a +0 shield (worn)
 v - a +0 pair of boots (worn)
Jewellery
 h - an uncursed ring of protection from magic
 i - a ring of wizardry (left hand)
 n - a cursed amulet of inaccuracy (around neck)
 q - a cursed -3 ring of protection (right hand)
 u - an uncursed amulet of regeneration {unknown}
Scrolls
 j - 3 scrolls of identify
 m - a scroll of fear
 r - a scroll of teleportation
Potions
 d - a potion of might
 e - a potion of curing
 l - a potion of heal wounds {unknown}
 o - a potion of lignification {unknown}
 t - a potion of cancellation {unknown}
 w - a potion of brilliance
Comestibles
 f - 2 rations
 g - 3 chunks of flesh


   Skills:
 + Level 4.8 Fighting
 + Level 4.1 Axes
 + Level 1.2 Throwing
 + Level 5.0 Armour
 + Level 4.9 Shields


You had 4 spell levels left.
You didn't know any spells.
Your spell library was empty.

Dungeon Overview and Level Annotations

Branches:
Dungeon (4/15)
 Temple: D:4-7

Altars:
Qazlal
Ru
The Shining One


Innate Abilities, Weirdness & Mutations

You reflexively headbutt those who attack you in melee.
You have a pair of horns on your head.


Message History

Your scale mail prevents you from hitting the ogre.
You closely miss the ball python. The ogre hits you with a +0 giant club!
The ball python bites you but does no damage.
The ball python constricts you. You block the ball python's attack.
The ball python constricts you.
You closely miss the ogre. You headbutt the ogre!
The ogre is heavily wounded.
You closely miss the giant cockroach. You slash the ball python!
You kill the ball python!
The ogre hits you but does no damage.
The giant cockroach bites you but does no damage.
Unknown command.
You hit the giant cockroach.
The giant cockroach is severely wounded.
You slash the ogre! You block the giant cockroach's attack.
The ogre hits you with a +0 giant club! You block the giant cockroach's attack.
The ogre hits you with a +0 giant club!!
* * * LOW HITPOINT WARNING * * *
The giant cockroach bites you.
You die...

#....# #........ ##....##
#####'### #......# #(......
#......# #(...... #......#
#(......
#......#####(......
#...........(.##'##
#...<.........#....
#.@...........#....
######+##.s.........).#####
........O.....####^........
..............# #.........
......†.......# #.........
..............# #.........
...#######....# ####'#####
.. #....# #........ . ....#
#........


You could see an ogre and a giant cockroach.

Vanquished Creatures
  A centaur (D:4)
  An orc wizard (D:3)
  Robin (D:3)
  4 adders
  2 worms
  A dart slug (D:2)
  3 orcs (D:3)
  7 bats
  A giant cockroach (D:1)
  9 goblins
  11 hobgoblins
  6 jackals
  A ball python (D:4)
  4 frilled lizards
  11 kobolds
  11 rats
74 creatures vanquished.

Notes
Turn   | Place    | Note
-------+----------+-------------------------------------------
     0 | D:1      | teukkam the Minotaur Fighter began the quest for the Orb.
     0 | D:1      | Reached XP level 1. HP: 19/19 MP: 0/0
   249 | D:1      | Reached XP level 2. HP: 27/27 MP: 1/1
   322 | D:2      | Reached skill level 4 in Armour
   378 | D:2      | Found a sacrificial altar of Ru.
   386 | D:2      | Reached XP level 3. HP: 33/33 MP: 2/2
   590 | D:2      | Found a stormy altar of Qazlal.
   662 | D:2      | Found a glowing golden altar of the Shining One.
   932 | D:2      | Became a worshipper of the Shining One
  1667 | D:1      | Reached XP level 4. HP: 40/40 MP: 3/3
  2217 | D:3      | Noticed Robin
  2220 | D:3      | Reached * piety under the Shining One
  2225 | D:3      | Killed Robin
  2237 | D:3      | Reached XP level 5. HP: 25/47 MP: 4/4
  2456 | D:4      | Noticed a centaur
  2467 | D:4      | Killed a centaur
  2467 | D:4      | Reached skill level 1 in Throwing
  2467 | D:4      | Reached skill level 5 in Armour
  2526 | D:4      | Noticed an ogre
  2532 | D:4      | HP: 1/47 [ogre/+0 giant club (19)]
  2535 | D:4      | Slain by a giant cockroach

Skill      XL: |  1  2  3  4  5 |
---------------+----------------+-----
Armour         | 4 5 |  5.0
Shields        | 4 |  4.9
Fighting       | 4 |  4.8
Axes           | 3 4 |  4.1
Throwing       | 1 |  1.2

Action                   |  1- 3 |  4- 6 || total
-------------------------+-------+-------++-------
Melee: War axe           |   120 |    56 ||   176
       Headbutt          |     7 |     9 ||    16
Throw: Tomahawk          |       |     8 ||     8
  Use: Scroll            |     3 |     2 ||     5
       Potion            |     1 |       ||     1
  Eat: Chunk             |     3 |     2 ||     5
Armor: Scale mail        |    65 |    13 ||    78
Dodge: Dodged            |    37 |    23 ||    60
Block: Shield            |    75 |    37 ||   112
